 Dungeon Crawl Stone Soup version 0.25-a0-1133-g93ebf739aa (webtiles) character file.

Game seed: 15945050625221598899, levelgen mode: deterministic

1406 Hastur the Fighter (level 8, 0/105 HPs)
             Began as a Demonspawn Air Elementalist on May 17, 2020.
             Killed from afar by an orc wizard (11 damage)
             ... with a magic dart
             ... on level 6 of the Dungeon on May 21, 2020.
             The game lasted 00:32:33 (11428 turns).

Hastur the Fighter (Demonspawn Air Elementalist)   Turns: 11428, Time: 00:32:33

Health: 0/105      AC: 24    Str: 10    XL:     8   Next: 42%
Magic:  11/11      EV:  2    Int: 17    God:
Gold:   299        SH:  0    Dex: 14    Spells: 10/11 levels left

rFire    . . .     SeeInvis .   D - +5 falchion
rCold    . . .     Gourm    .   (no shield)
rNeg     + + +     Faith    .   (armour currently unavailable)
rPois    +         Spirit   .   (helmet currently unavailable)
rElec    .         Reflect  .   (cloak currently unavailable)
rCorr    .         Harm     .   (gloves currently unavailable)
MR       .....     NoTele   +   (boots unavailable)
Stlth    +++.......             (no amulet)
HPRegen  0.27/turn              B - ring of positive energy
MPRegen  0.12/turn              C - +4 ring of evasion

@: tree-form
A: no striking features
a: no special abilities


You were on level 6 of the Dungeon.
You were not hungry.
You were a tree.
You visited 1 branch of the dungeon, and saw 6 of its levels.

You collected 299 gold pieces.

Inventory:

Hand Weapons
 g - a +0 whip
 o - a +0 hunting sling
 y - a +0 short sword
 D - a +5 falchion (weapon)
Missiles
 d - 53 sling bullets
 h - 69 poisoned darts (quivered)
 j - 493 stones
Armour
 a - a +0 robe (melded)
 b - a +0 helmet (melded)
 e - a +0 ring mail
 k - a cursed -1 pair of gloves (melded)
Jewellery
 r - an uncursed ring of fire {unknown}
 B - a ring of positive energy (left branch)
 C - a +4 ring of evasion (right branch)
Wands
 u - a wand of digging (8)
 x - a wand of polymorph (3)
Scrolls
 i - a scroll of fog
 p - a scroll of remove curse
 t - a scroll of enchant armour {unknown}
 v - a scroll of blinking {unknown}
 w - a scroll of magic mapping {unknown}
 z - a scroll of enchant weapon
 A - 2 scrolls of amnesia
Potions
 f - 2 potions of lignification
 l - 2 potions of curing
 m - 2 potions of might
 n - 3 potions of brilliance
 q - a potion of flight
 s - a potion of mutation
 E - a potion of heal wounds
Comestibles
 c - 10 rations


   Skills:
 + Level 8.9 Fighting
 - Level 4.0 Dodging
 - Level 4.0 Stealth
 - Level 2.0 Spellcasting
 - Level 1.0 Conjurations
 - Level 2.6 Air Magic


You had 10 spell levels left.
You knew the following spells:

 Your Spells              Type           Power        Failure   Level  Hunger
a - Shock                 Conj/Air       #...         9%          1    #......

Your spell library contained the following spells:

 Spells                   Type           Power        Failure   Level  Hunger
 Swiftness                Chrm/Air       #.......     17%         2    ###....
 Static Discharge         Conj/Air       #.......     26%         3    ###....
 Airstrike                Air            ##........   54%         4    #####..
 Lightning Bolt           Conj/Air       #.........   94%         5    ######.


Dungeon Overview and Level Annotations

Branches:
Dungeon (6/15)
 Temple: D:4-7

Altars:
Dithmenos
Hepliaklqana
Qazlal
Xom
The Shining One

Annotations:
D:5 1 runed translucent door, Gynju's ghost, novice MfIE


Innate Abilities, Weirdness & Mutations

((You have claws for feet.))
((When seriously injured, your bleeding wounds create armour. (AC +0)))


Message History

The jelly is lightly wounded.
You hear some strange, mumbled words.
A magic dart appears from out of thin air!
The magic dart hits you but does no damage.
The jelly hits you but does no damage. The orc wizard casts a spell at you.
The puff of flame hits something!
Something hits you but does no damage. The jelly hits you but does no damage.
You slash the jelly!
Your branches burn!
* * * LOW HITPOINT WARNING * * *
The jelly is almost dead.
Something hits you but does no damage. x2; The jelly barely misses you.
You riposte.
You hit the jelly.
You kill the jelly!
Unknown command.
You hit something.
You hear some strange, mumbled words.
A magic dart appears from out of thin air!
The magic dart hits you!
You die...

#.##..)..######
######
................
.....§
#.###...########
###### ##.## #.#
#.# #.# #.# #♣#
#{# #o#
########## .a
#.#
#...{....#.... .
#.#
#.##....[.(.((
#.#.#
#.##.###.#....
#.#.###)##.# .#
... #....##.##.#
.# #
##....##.##.# .#


You could see an orc wizard (fast).

Vanquished Creatures
  An orc warrior (D:6)
  An ogre (D:3)
  4 big kobolds
  2 bullfrogs (D:6)
  A water moccasin zombie (D:5)
  2 scorpions (D:5)
  A howler monkey (D:6)
  3 jellies
  3 hounds
  2 iguanas
  2 orc wizards
  3 worker ants
  6 adders
  4 gnolls
  3 shadow imps
  An adder skeleton (D:4)
  3 worms
  5 dart slugs
  2 leopard geckos (D:1)
  13 orcs
  4 bats
  22 hobgoblins
  2 quokkas
  8 frilled lizards
  A giant cockroach zombie (D:5)
  41 goblins
  7 kobolds
  7 rats
154 creatures vanquished.

Notes
Turn   | Place    | Note
-------+----------+-------------------------------------------
     0 | D:1      | Hastur the Demonspawn Air Elementalist began the quest for
                  | the Orb.
     0 | D:1      | Reached XP level 1. HP: 13/13 MP: 3/3
   434 | D:1      | Reached skill level 1 in Fighting
   434 | D:1      | Gained mutation: You have sharp toenails. [demonic
                  | ancestry]
   434 | D:1      | Reached XP level 2. HP: 14/21 MP: 0/5
  1323 | D:1      | Found a glowing golden altar of the Shining One.
  1707 | D:2      | Reached XP level 3. HP: 27/27 MP: 1/6
  2039 | D:2      | Found a shadowy altar of Dithmenos.
  2195 | D:2      | Reached skill level 2 in Fighting
  3006 | D:3      | Found a faded altar of an unknown god.
  3442 | D:3      | Gained mutation: You have razor-sharp toenails. [demonic
                  | ancestry]
  3442 | D:3      | Reached XP level 4. HP: 19/34 MP: 0/7
  3758 | D:3      | Found a shimmering altar of Xom.
  4920 | D:3      | Reached skill level 3 in Fighting
  5050 | D:3      | Upgraded the game from 0.25-a0-1118-g1a081956a1 to
                  | 0.25-a0-1119-g28b6fd0c3b
  5050 | D:3      | Upgraded the game from 0.25-a0-1119-g28b6fd0c3b to
                  | 0.25-a0-1133-g93ebf739aa
  5122 | D:4      | Found a hazy altar of Hepliaklqana.
  5148 | D:4      | Noticed an ogre
  5447 | D:3      | Found a faded altar of an unknown god.
  5507 | D:3      | Killed an ogre
  5507 | D:3      | Reached skill level 4 in Fighting
  5507 | D:3      | Reached XP level 5. HP: 42/42 MP: 8/8
  5971 | D:4      | Gained mutation: When seriously injured, your bleeding
                  | wounds create armour. (AC +0) [demonic ancestry]
  5971 | D:4      | Reached XP level 6. HP: 23/49 MP: 2/9
  6743 | D:4      | Reached skill level 5 in Fighting
  7224 | D:4      | Reached skill level 6 in Fighting
  7595 | D:4      | Reached XP level 7. HP: 56/58 MP: 5/10
  8718 | D:5      | Entered Level 5 of the Dungeon
  8873 | D:5      | Found a runed translucent door.
  9144 | D:5      | Noticed Gynju's ghost (novice MfIE)
  9857 | D:5      | Reached skill level 7 in Fighting
 10239 | D:5      | Found a stormy altar of Qazlal.
 10566 | D:5      | Gained mutation: You have claws for feet. [demonic
                  | ancestry]
 10566 | D:5      | Reached XP level 8. HP: 45/67 MP: 11/11
 11129 | D:6      | Reached skill level 8 in Fighting
 11428 | D:6      | Killed from afar by an orc wizard

Illustrated notes

Levels and vault maps discovered:
D:1:      dpeg_arrival_long_road, layout_basic, tso_altar
D:2:      layout_basic, nicolae_dithmenos_through_a_glass_darkly, st_stairs_11,
          minmay_lizard_pond
D:3:      layout_loops_ring, marbit_many_paths, chequers_ecumenical_altar_island
D:4:      minmay_goblin_kobold_castle, layout_basic,
          nicolae_overflow_hidden_temple
D:5:      cheibrodos_barr_body, layout_cave_pools, grunt_qazlal_clouds,
          hellmonk_ghost_happy_afterlife, first_ration
D:6:      layout_loops_ring, minmay_temple_entry_fiery, serial_shops,
          kennysheep_mini

Skill      XL: |  1  2  3  4  5  6  7  8 |
---------------+-------------------------+-----
Stealth        | 2 3 4 |  4.0
Fighting       | 1 2 4 6 7 8 |  8.9
Dodging        | 4 |  4.0
Spellcasting   | |  2.0
Conjurations   | |  1.0
Air Magic      | |  2.6

Action                   |  1- 3 |  4- 6 |  7- 9 || total
-------------------------+-------+-------+-------++-------
Melee: Whip              |    31 |       |       ||    31
       Kick              |     3 |    13 |    30 ||    46
       Short sword       |       |    62 |    61 ||   123
       Falchion          |       |       |    58 ||    58
 Fire: Hunting sling     |    13 |    11 |       ||    24
Throw: Dart              |       |    40 |    39 ||    79
 Cast: Shock             |   117 |   128 |   118 ||   363
Evoke: Wand              |       |       |     4 ||     4
  Use: Potion            |     1 |       |     1 ||     2
       Scroll            |       |       |    10 ||    10
 Stab: Sleeping          |       |       |     4 ||     4
  Eat: Chunk             |    10 |    12 |    14 ||    36
       Ration            |       |     1 |       ||     1
Armor: Robe              |     7 |    25 |    28 ||    60
       Skin              |     1 |       |    13 ||    14
Dodge: Dodged            |    29 |   110 |   165 ||   304
       Rpst.: Falchion   |       |       |    10 ||    10

Table legend:
 A = Non-vault XP
 B = Vault XP
 C = Vault XP percentage of total XP
 D = Non-vault monster count
 E = Vault monster count
 F = Vault count percentage of total count
                 A         B        C        D         E       F
            +---------+---------+-------+---------+---------+-------
      Total |    1229 |     780 |  38.8 |      79 |      75 |  48.7
            +---------+---------+-------+---------+---------+-------
        D:1 |      36 |       0 |   0.0 |      19 |       0 |   0.0
        D:2 |      25 |      12 |  32.4 |      10 |       9 |  47.4
        D:3 |     258 |     135 |  34.4 |      18 |       4 |  18.2
        D:4 |     148 |     297 |  66.7 |       7 |      53 |  88.3
        D:5 |     238 |     336 |  58.5 |      14 |       9 |  39.1
        D:6 |     524 |       0 |   0.0 |      11 |       0 |   0.0
            +---------+---------+-------+---------+---------+-------
